 Dungeon Crawl Stone Soup version 0.31-a0-654-gbe3e110b4e (webtiles) character file.

Game seed: 5992550311020706352

6130 mdonais the Skirmisher (level 10, -1/74 HPs)
             Began as an Octopode Hunter on Aug 24, 2023.
             Was a High Priest of Okawaru.
             Slain by a raiju (7 damage)
             ... on level 9 of the Dungeon on Aug 29, 2023.
             The game lasted 00:42:09 (11012 turns).

mdonais the Skirmisher (Octopode Hunter)           Turns: 11012, Time: 00:42:10

Health: -1/74      AC:  1    Str: 13    XL:     10   Next: 89%
Magic:  12/12      EV: 17    Int: 11    God:    Okawaru [*****.]
Gold:   460        SH:  0    Dex: 20    Spells: 8/9 levels left

rFire   + . .        a - +3 hand crossbow of the Freezing Gods {freeze, rC++ Str+2}
rCold   + + .        (no shield)
rNeg    . . .        (helmet currently unavailable)
rPois   +            (no amulet)
rElec   .            o - ring of poison resistance
rCorr   .            f - ring of protection from fire
SInv    .            y - +4 ring of slaying
Will    .....        (no ring)
Stlth   +++++        (no ring)
HPRegen 0.32/turn    (no ring)
MPRegen 0.13/turn    (no ring)
                     (no ring)

%: no passive effects
@: beast-form
A: beast (slay +2), almost no armour, amphibious, 8 rings, camouflage 1,
gelatinous body 1, nimble swimmer 1, tentacles
a: Begin Untransformation, Renounce Religion, Heroism, Finesse, Duel


You were on level 9 of the Dungeon.
You worshipped Okawaru.
Okawaru was extremely pleased with you.
You were a hulking beast.
You visited 2 branches of the dungeon, and saw 10 of its levels.

You collected 460 gold pieces.

Inventory:

Hand Weapons
 a - the +3 hand crossbow of the Freezing Gods (weapon) {freeze, rC++ Str+2}
   (Okawaru gifted it to you on level 8 of the Dungeon)

   Str+2:     It affects your strength (+2).
   rC++:      It greatly protects you from cold.
 b - the +9 hammer of the Crawling Thing {flame, Int+3 Dex+4}
   (You took it off Robin on level 4 of the Dungeon)

   Int+3:     It affects your intelligence (+3).
   Dex+4:     It affects your dexterity (+4).
 t - a +3 rapier
   (You found it on level 7 of the Dungeon)
 B - a +0 rapier of speed
   (You found it on level 2 of the Dungeon)
 D - a +2 trident of draining
   (You found it on level 7 of the Dungeon)
 E - a +1 dagger of draining
   (You took it off an orc wizard on level 7 of the Dungeon)
 I - a +0 orcbow of flaming
   (You took it off a centaur on level 8 of the Dungeon)
 K - a +4 quarterstaff of chaos
   (You took it off Crazy Yiuf on level 4 of the Dungeon)
Missiles
 s - 30 poisoned darts
 F - 5 curare-tipped darts
 J - 8 atropa-tipped darts
Magical Staves
 w - a staff of poison
   (You found it on level 4 of the Dungeon)
Jewellery
 f - a ring of protection from fire (right tentacle)
   (You found it on level 2 of the Dungeon)
 o - a ring of poison resistance (left tentacle)
   (You found it on level 1 of the Dungeon)
 y - a +4 ring of slaying (on tentacle)
   (You found it on level 3 of the Dungeon)
Talismans
 n - a serpent talisman
   (You found it on level 3 of the Dungeon)
 v - a beast talisman (active)
   (You found it on level 3 of the Dungeon)
 x - a dragon-blood talisman
   (You found it on level 4 of the Dungeon)
Wands
 u - a wand of polymorph (6)
   (You found it on level 6 of the Dungeon)
 C - a wand of mindburst (10)
   (You found it on level 7 of the Dungeon)
 P - a wand of paralysis (4)
   (You found it on level 6 of the Dungeon)
 V - a wand of flame (41)
   (You found it on level 5 of the Dungeon)
Scrolls
 e - 3 scrolls of revelation
 g - a scroll of vulnerability
 i - 2 scrolls of noise
 j - 2 scrolls of immolation
 k - a scroll of fear
 l - 2 scrolls of amnesia
 p - 3 scrolls of enchant armour
 q - a scroll of fog
 T - a scroll of teleportation
Potions
 c - a potion of attraction
 d - a potion of resistance
 h - 2 potions of heal wounds
 m - 4 potions of cancellation
 r - a potion of invisibility {unknown}
 z - 3 potions of might {unknown}
 A - a potion of magic {unknown}
 G - 3 potions of ambrosia {unknown}
 H - 2 potions of brilliance {unknown}


   Skills:
 + Level 9.2 Fighting
 + Level 10.3 Ranged Weapons
 + Level 6.5 Dodging
 - Level 6.0 Stealth
 - Level 3.0 Invocations
 - Level 3.0 Evocations
 - Level 3.5 Shapeshifting


You had 8 spell levels left.
You knew the following spells:

 Your Spells              Type           Power      Damage    Failure   Level
a - Freeze                Ice            0%         1d3       34%         1

Your spell library contained the following spells:

 Spells                   Type           Power      Damage    Failure   Level
 Frozen Ramparts          Ice            0%         1d1       71%         3
 Hailstorm                Conj/Ice       0%         3d3       71%         3


Dungeon Overview and Level Annotations

Branches:
Dungeon (9/15) Zot: 26619  Temple (1/1) D:4 Zot: 5998    Lair (0/5) D:8
    Orc: D:9-12

Altars:
Ashenzari
Cheibriados
Dithmenos
Elyvilon
Fedhas
Gozag
Hepliaklqana
Kikubaaqudgha
Makhleb
Nemelex Xobeh
Okawaru
Qazlal
Ru
Sif Muna
Trog
Vehumet
Wu Jian
Xom
Yredelemnul
Zin
The Shining One

Annotations:
D:7 exclusion: downstairs


Innate Abilities, Weirdness & Mutations

You are a hulking beast.
Your limbs bulge with bestial killing power. (Slay +2)
You cannot wear most types of armour.
You are amphibious.
You can wear up to eight rings at the same time.
Your skin changes colour to match your surroundings (Stealth+).
Your rubbery body absorbs attacks. (AC +1, EV +1)
You are camouflaged when in or above water. (Stealth+)
You have tentacles for arms and can constrict up to eight enemies at once.


Message History

You shoot a bolt. The bolt hits the killer bee.
The bolt freezes the killer bee.
The killer bee is heavily wounded.
The killer bee stings you. The killer bee stings you!
You take 12 damage, and have 51/73 hp.
You shoot a bolt. The bolt hits the killer bee!!
The bolt freezes the killer bee.
You kill the killer bee!
Okawaru accepts your kill.
No target in view!
No target in view!
HP restored.
You see here a killer bee corpse.
You see here a killer bee corpse.
Found a stone staircase leading up.
You now have 460 gold pieces (gained 20).
Health restored: 73
z - 3 lumpy inky potions (gained 1)
Found a stone staircase leading up. 3 yaks come into view.
You shoot a bolt. The bolt hits the yak!
The bolt freezes the yak.
The yak bellows!
The yak is heavily wounded.
A yak comes into view. x2
You shoot a bolt. The yak bellows! x2
The bolt hits the yak.
The bolt freezes the yak.
The yak is heavily wounded.
You shoot a bolt. The bolt hits the yak!!
The bolt freezes the yak!
You kill the yak!
Okawaru accepts your kill.
You see here 2 grey potions.
You shoot a bolt. The bolt hits the yak!
The bolt freezes the yak.
The yak is moderately wounded.
You shoot a bolt. The bolt hits the yak!!
The bolt freezes the yak!
You kill the yak!
Okawaru accepts your kill.
You shoot a bolt. The bolt barely misses the yak.
The bolt hits the yak!
The bolt freezes the yak.
The yak is moderately wounded.
The yak gores you! The yak closely misses you.
You take 11 damage, and have 62/73 hp.
You shoot a bolt. The bolt hits the yak!
The bolt freezes the yak.
The yak is heavily wounded.
The yak closely misses you.
You shoot a bolt. The bolt hits the yak!!
The bolt freezes the yak!
You kill the yak!
Okawaru accepts your kill. The yak gores you!
You take 13 damage, and have 50/73 hp.
You shoot a bolt. The bolt hits the yak!
The bolt freezes the yak.
The yak is heavily wounded.
The yak gores you!
You take 10 damage, and have 40/73 hp.
You shoot a bolt. The bolt barely misses the yak.
The bolt hits the yak.
The bolt freezes the yak.
The yak is lightly wounded.
The yak closely misses you.
You shoot a bolt. The bolt hits the yak!!
The bolt freezes the yak.
You kill the yak!
Okawaru accepts your kill. The yak misses you.
Your Fighting skill increases to level 9!
You shoot a bolt. The bolt hits the yak!
The bolt freezes the yak.
The yak is severely wounded.
The yak barely misses you.
You shoot a bolt. The bolt hits the yak!
The bolt freezes the yak.
You kill the yak!
Okawaru accepts your kill.
No target in view!
No target in view!
Things that are here:
a yak corpse; a yak corpse; a yak corpse
G - 3 grey potions (gained 2)
Things that are here:
a yak corpse; a yak corpse; a yak corpse
Found a stone staircase leading down.
Health restored: 74 An electric eel comes into view.
You shoot a bolt. The bolt hits the electric eel!
The bolt freezes the electric eel.
The electric eel is severely wounded.
The electric eel shoots out a bolt of lightning at you!
The bolt of electricity hits you!
You take 13 damage, and have 61/74 hp.
You shoot a bolt. The bolt hits the electric eel!!
The electric eel seems to slow down.
The bolt freezes the electric eel.
You kill the electric eel!
Okawaru accepts your kill.
No target in view!
An electric eel comes into view.
Health restored: 74 You shoot a bolt.
The bolt hits the electric eel!
The electric eel seems to slow down.
The bolt freezes the electric eel.
The electric eel is severely wounded.
You shoot a bolt. The bolt hits the electric eel!!
The electric eel seems to slow down.
The bolt freezes the electric eel.
You kill the electric eel!
Okawaru accepts your kill.
You hear a splash.
A raiju comes into view.
You shoot a bolt. The raiju barks!
The bolt hits the raiju!!
The bolt freezes the raiju!
The raiju is almost dead.
You hear a bark!
The raiju bursts into living lightning!
The living lightning misses you.
The raiju blinks! x2
You shoot a bolt. The bolt hits the raiju!
The bolt freezes the raiju.
You kill the raiju!
Okawaru accepts your kill.
No target in view!
You see here a raiju corpse.
You enter the shallow water.
A raiju comes into view.
You shoot a bolt. The bolt closely misses the raiju.
You shoot a bolt. The bolt closely misses the raiju.
You shoot a bolt. The bolt barely misses the raiju.
The raiju bursts into living lightning!
The living lightning hits you!
The raiju blinks! x2
The raiju closely misses you.
You take 11 damage, and have 63/74 hp.
You shoot a bolt. The bolt hits the raiju.
The bolt freezes the raiju.
The raiju is lightly wounded.
The raiju bites you! The raiju shocks you!
You take 16 damage, and have 47/74 hp.
MASSIVE DAMAGE!!
You shoot a bolt. The bolt hits the raiju!
The bolt freezes the raiju.
The raiju is heavily wounded.
An electric eel comes into view.
The raiju bites you. The raiju shocks you!
You take 12 damage, and have 35/74 hp.
You are too injured to fight recklessly!
You are too injured to fight recklessly!
Fire: a) +3 hand crossbow of the Freezing Gods {freeze, rC++ Str+2}
Press: ? - help, Q - select action, (/) - cycle Shift-Dir - straight line, f/p - raiju
Aim: a raiju (heavily wounded, 68% to hit)
You shoot a bolt. The bolt hits the raiju!
The bolt freezes the raiju.
The raiju is severely wounded.
The raiju bursts into living lightning!
The living lightning hits you!
* * * LOW HITPOINT WARNING * * *
The raiju blinks!
The electric eel shoots out a bolt of lightning at you!
The bolt of electricity hits the raiju.
The raiju completely resists.
The bolt of electricity hits you!
* * * LOW HITPOINT WARNING * * *
The raiju bites you!
* * * LOW HITPOINT WARNING * * *
The raiju shocks you!
You die...

..................
#.#####.##########
#.# #.#### #....#
###†..## #≈~...~#
##≈...~~#
#≈h...~## #≈h..~~#
#≈†...~## #~...≈~#
#~...~≈# #≈~...~#
##S...~~ #≈~.}.≈#


You could see a raiju and an electric eel.

Vanquished Creatures
  A death yak (D:7)
  A hornet (D:7)
  A raiju (D:9)
  9 yaks
  3 wyverns
  A steam dragon (D:7)
  2 sky beasts
  2 black bears (D:5)
  An orc warrior (D:8)
  An ogre (D:6)
  5 centaurs
  A phantom (D:6)
  Blork the orc (D:4)
  2 bullfrogs
  A kobold brigand (D:8)
  3 scorpions
  A gnoll sergeant (D:8)
  5 wights (D:8)
  12 killer bees
  2 electric eels (D:9)
  An orc priest (D:8)
  Crazy Yiuf (D:4)
  6 jellies
  3 sleepcaps
  6 orc wizards
  6 iguanas
  Natasha (thrice) (D:4)
  Robin (D:4)
  11 gnolls
  4 adders
  A white imp (D:8)
  3 ufetubi
  A worm (D:2)
  13 orcs
  9 ball pythons
  7 endoplasms
  A giant cockroach (D:2)
  13 goblins
  8 hobgoblins
  10 jackals (D:1)
  5 quokkas
  6 bats
  A frilled lizard (D:2)
  14 kobolds
  6 rats
195 creatures vanquished.

Notes
Turn   | Place    | Note
-------+----------+-------------------------------------------
     0 | D:1      | mdonais the Octopode Hunter began the quest for the Orb.
     0 | D:1      | Reached XP level 1. HP: 14/14 MP: 1/1
   145 | D:1      | Reached XP level 2. HP: 19/19 MP: 2/2
   275 | D:1      | Found a faded altar of an unknown god.
   449 | D:1      | Reached XP level 3. HP: 25/25 MP: 3/3
   753 | D:1      | Prayed at the altar of an unknown god.
   753 | D:1      | Became a worshipper of Warmaster Okawaru
   753 | D:1      | Reached * piety under Okawaru
  1089 | D:2      | Reached XP level 4. HP: 26/30 MP: 4/4
  1682 | D:3      | Found a white marble altar of Elyvilon.
  1895 | D:3      | Found a basalt altar of Yredelemnul.
  1897 | D:3      | Found a glowing golden altar of the Shining One.
  1978 | D:3      | Found an ornate altar of the Wu Jian Council.
  1983 | D:3      | Found a shadowy altar of Dithmenos.
  2327 | D:4      | Reached XP level 5. HP: 21/36 MP: 5/5
  2328 | D:4      | Noticed Blork the orc
  2455 | D:4      | Found an opulent altar of Gozag.
  2457 | D:4      | Noticed Natasha
  2460 | D:4      | Killed Natasha
  2461 | D:4      | Reached skill level 5 in Ranged Weapons
  2461 | D:4      | Reached skill level 1 in Invocations
  2521 | D:4      | Noticed Natasha
  2524 | D:4      | Killed Natasha
  2536 | D:4      | Reached XP level 6. HP: 43/43 MP: 7/7
  2561 | D:4      | Killed Blork the orc
  2766 | D:4      | Noticed Natasha
  2775 | D:4      | Killed Natasha
  2821 | D:4      | Found a staircase to the Ecumenical Temple.
  2981 | D:4      | Reached XP level 7. HP: 49/49 MP: 9/9
  3099 | D:4      | Reached ** piety under Okawaru
  3260 | D:4      | Found a runed translucent door.
  3261 | D:4      | Noticed Crazy Yiuf
  3263 | D:4      | Identified the +9 hammer of the Crawling Thing {flame,
                  | Int+3 Dex+4}
  3263 | D:4      | Noticed Robin
  3374 | D:4      | Upgraded the game from 0.31-a0-626-g8143ab4f1d to
                  | 0.31-a0-640-g39d97e502b
  3374 | D:4      | Upgraded the game from 0.31-a0-640-g39d97e502b to
                  | 0.31-a0-654-gbe3e110b4e
  3424 | D:5      | Entered Level 5 of the Dungeon
  3435 | D:5      | Learned a level 1 spell: Freeze
  3541 | D:5      | Found a bloodstained altar of Trog.
  3559 | D:5      | Reached skill level 6 in Ranged Weapons
  3707 | D:5      | Reached skill level 5 in Fighting
  3970 | D:5      | Found a glowing silver altar of Zin.
  4149 | D:5      | Reached XP level 8. HP: 56/56 MP: 10/10
  4615 | D:6      | Found a broken altar of Ashenzari.
  4808 | D:6      | Reached skill level 5 in Stealth
  4808 | D:6      | Reached skill level 1 in Evocations
  4992 | D:6      | Reached *** piety under Okawaru
  5001 | D:6      | Found a shimmering blue altar of Sif Muna.
  5147 | D:6      | Reached skill level 1 in Shapeshifting
  6240 | D:7      | Reached skill level 7 in Ranged Weapons
  6240 | D:7      | Reached XP level 9. HP: 62/62 MP: 11/11
  6427 | D:7      | Noticed Jeremiah
  6428 | D:7      | Jeremiah changed into Jeremiah the hornet
  6428 | D:7      | Noticed Jeremiah
  6434 | D:7      | Killed Jeremiah the hornet
  6440 | D:7      | Reached **** piety under Okawaru
  6610 | D:7      | Found a shimmering altar of Xom.
  6760 | D:7      | Reached skill level 8 in Ranged Weapons
  7308 | D:8      | Reached ***** piety under Okawaru
  7515 | D:8      | Noticed a death yak
  7515 | D:8      | Noticed a death yak
  7515 | D:8      | Found a staircase to the Lair.
  7517 | D:8      | Noticed a death yak
  7738 | D:8      | Reached skill level 9 in Ranged Weapons
  7738 | D:8      | Reached XP level 10. HP: 54/71 MP: 12/12
  7880 | D:7      | Reached skill level 5 in Dodging
  8819 | D:7      | Killed a death yak
  9524 | D:7      | Found a shimmering altar of Xom.
  9949 | D:8      | Identified the +3 hand crossbow of the Freezing Gods
                  | {freeze, rC++ Str+2} (Okawaru gifted it to you on level 8
                  | of the Dungeon)
  9949 | D:8      | Received a gift from Okawaru
 10228 | Temple   | Entered the Ecumenical Temple
 10387 | D:4      | Killed Crazy Yiuf
 10388 | D:4      | Reached skill level 10 in Ranged Weapons
 10395 | D:4      | Killed Robin
 10701 | D:9      | Found a stormy altar of Qazlal.
 11012 | D:9      | Slain by a raiju

Illustrated notes

Levels and vault maps discovered:
D:1:      minmay_arrival_diagonal_passages, layout_basic,
          dilly_ecumenical_altar_fadedgnrine
D:2:      layout_basic, serial_curves, eino_curves_04, eino_curves_04,
          nrook_loot_triangle, nicolae_elevator_lobby_plus
D:3:      layout_loops_ring, mainiacjoe_overflow_concentric_impassable,
          lemuel_crystal_altar, lemuel_crystal_altar,
          mainiacjoe_overflow_catwalk_spiral, minmay_misc_feat_hallway,
          grunt_ministairs_9
D:4:      layout_cave_pools, nicolae_gozag_seed_capital,
          minmay_temple_entry_from_below_a, serial_forest,
          infiniplex_forest_lined_room_2, infiniplex_forest_straight_4,
          infiniplex_forest_lined_3, infiniplex_forest_straight_1,
          infiniplex_forest_lined_4_way, infiniplex_forest_lined_3_way,
          infiniplex_forest_corner_1, infiniplex_forest_lined_room_3,
          infiniplex_forest_end_3, uniq_natasha, uniq_blork_the_orc,
          uniq_crazy_yiuf_cottage, uniq_robin
D:5:      layout_basic, lemuel_doored_altar, mainiacjoe_overflow_six_doors_small
D:6:      layout_basic, mainiacjoe_overflow_surrounded_room,
          nicolae_sif_muna_condensation
D:7:      layout_layer_cave, tgw_xom, lemuel_flamethrower_2, uniq_jeremiah
D:8:      layout_cave_pools, dpeg_lair_monsters
D:9:      layout_small_grid, mainiacjoe_overflow_small_starburst,
          nicolae_uskayaw_murder_on_the_dancefloor, gammafunk_ghost_arena,
          dk_vineyard_1, nicolae_have_a_lightning_rod
Temple:   grunt_temple_mini_profane

Skill      XL: |  1  2  3  4  5  6  7  8  9 10 |
---------------+-------------------------------+-----
Stealth        | 2 3 4 5 6 |  6.0
Fighting       | 3 4 5 6 7 9 |  9.2
Ranged Weapons | 5 6 7 9 10 | 10.3
Invocations    | 2 3 |  3.0
Dodging        | 3 4 6 |  6.5
Evocations     | 3 |  3.0
Shapeshifting  | 3 |  3.5

Action                     |  1- 3 |  4- 6 |  7- 9 | 10-12 || total
---------------------------+-------+-------+-------+-------++-------
  Melee: Unarmed           |     3 |       |       |       ||     3
         Tentacles         |     5 |    10 |     8 |       ||    23
         Constrict         |     2 |     9 |     5 |       ||    16
         Dagger            |     7 |       |       |       ||     7
         Rapier            |       |    32 |    34 |       ||    66
         Punch             |       |     1 |     2 |       ||     3
   Fire: Shortbow          |    75 |    67 |   181 |       ||   323
         Orcbow            |       |       |    57 |    77 ||   134
         Hand crossbow     |       |       |       |    53 ||    53
 Invoke: Heroism           |       |     2 |       |     3 ||     5
  Evoke: Wand              |       |       |     2 |       ||     2
    Use: Scroll            |       |       |    15 |     5 ||    20
         Potion            |       |       |       |     3 ||     3
   Stab: Sleeping          |     1 |       |     1 |       ||     2
         Distracted        |       |     1 |       |       ||     1
 Armour: Skin              |     1 |     1 |     3 |     1 ||     6
  Dodge: Dodged            |    15 |    25 |    74 |    42 ||   156
   Form: Beast             |       |       |     1 |       ||     1

Table legend: (Time is in decaauts)
 A = Elapsed time spent in this place.
 B = Non-inter-level travel time spent in this place.
 C = Inter-level travel time spent in this place.
 D = Time resting spent in this place.
 E = Time spent auto-exploring this place.
 F = Levels seen in this place.
 G = Mean time per level.
                   A        B        C        D        E       F      G
               +--------+--------+--------+--------+--------+-----+--------+
         Total |  11045 |   9818 |   1227 |    577 |   7865 |  10 | 1104.5 |
       Dungeon |  11044 |   9818 |   1226 |    577 |   7865 |   9 | 1227.1 |
        Temple |      1 |      0 |      1 |      0 |      0 |   1 |    1.0 |
               +--------+--------+--------+--------+--------+-----+--------+

Top non-repeatable levels by time:
     D:7: 3461 daAuts
     D:6: 1580 daAuts
     D:5: 1189 daAuts
     D:4: 1027 daAuts
     D:3: 997 daAuts
     D:2: 816 daAuts
     D:8: 805 daAuts
     D:1: 787 daAuts
     D:9: 378 daAuts
  Temple: 1 daAuts
